 Dungeon Crawl Stone Soup version 0.26-a0-259-g1effd001a9 (webtiles) character file.

Game seed: 8076342059782595792

115 Apogee the Skirmisher (level 5, -1/44 HPs)
             Began as a Merfolk Abyssal Knight on July 24, 2020.
             Was a Follower of Lugonu.
             Slain by a bullfrog (3 damage)
             ... on level 2 of the Dungeon.
             The game lasted 00:02:41 (980 turns).

Apogee the Skirmisher (Merfolk Abyssal Knight)       Turns: 980, Time: 00:02:42

Health: -1/44      AC:  3    Str: 12    XL:     5   Next: 0%
Magic:  6/6        EV: 12    Int: 12    God:    Lugonu [*.....]
Gold:   34         SH:  0    Dex: 14    Spells: 4/4 levels left

rFire    + . .     SeeInvis .   a - +1 spear
rCold    + . .     Faith    .   (no shield)
rNeg     . . .     Spirit   .   b - +0 leather armour
rPois    +         Reflect  .   (no helmet)
rElec    +         Harm     .   (no cloak)
rCorr    +                      (no gloves)
MR       .....                  (no boots)
Stlth    +.........             (no amulet)
HPRegen  0.14/turn              (no ring)
MPRegen  0.10/turn              (no ring)

@: resistant
A: change form in water, swift swim, stealthy swim
a: Depart the Abyss, Renounce Religion


You were on level 2 of the Dungeon.
You worshipped Lugonu.
Lugonu was aware of your devotion.
You were not hungry.

You visited 1 branch of the dungeon, and saw 2 of its levels.
You visited the Abyss 1 time.

You collected 34 gold pieces.

Inventory:

Hand Weapons
 a - a +1 spear (weapon)
Missiles
 h - 86 stones (quivered)
Armour
 b - a +0 leather armour (worn)
 d - a +0 ring mail
 g - a +2 kite shield
Jewellery
 l - a +4 ring of evasion {unknown}
Scrolls
 e - 2 scrolls of identify {unknown}
 f - 3 scrolls of amnesia {unknown}
 i - 2 scrolls of enchant armour {unknown}
 j - a scroll of immolation {unknown}
 n - a scroll of fear {unknown}
 q - a scroll of remove curse {unknown}
 r - a scroll of enchant weapon {unknown}
 s - a scroll of magic mapping {unknown}
Potions
 m - a potion of heal wounds {unknown}
 o - a potion of flight {unknown}
 p - a potion of brilliance {unknown}
Comestibles
 c - 4 rations


   Skills:
 + Level 5.4 Fighting
 + Level 4.6 Polearms
 - Level 0.6 Armour
 - Level 2.6 Dodging
 - Level 2.0 Invocations


You had 4 spell levels left.
You didn't know any spells.
Your spell library was empty.

Dungeon Overview and Level Annotations

Branches:
Dungeon (2/15)

Altars:


Message History

You are too injured to fight recklessly!
You are too injured to fight recklessly!
You are too injured to fight recklessly!
You are too injured to fight recklessly!
The bullfrog hits you.
Found 2 rations.
You hit the bullfrog.
The bullfrog is heavily wounded.
The bullfrog hits you. The bullfrog hits you!
* * * LOW HITPOINT WARNING * * *
Okay, then.
Unknown command.
You hit the bullfrog but do no damage.
The bullfrog is heavily wounded.
The bullfrog hits you.
* * * LOW HITPOINT WARNING * * *
It was a potion of resistance.
You feel protected. The bullfrog hits you.
You die...

####################
#..................#
########.################.#
.........JF@.....%. #.#
##...#....####..... #.# #.
#....# ...#### #.# #....#
.#..# #.# ##.... ##.# #.#
#...#. #..# #.# #...#..
##.# #.# ##..# .. ##.###.#
#..# ##. #......#


You could see a bullfrog and an ooze.

Vanquished Creatures
  An eye of draining (Abyss:1)
  A dart slug (D:1)
  A leopard gecko (D:1)
  3 giant cockroaches
  3 goblins (D:1)
  3 hobgoblins (D:1)
  3 kobolds (D:1)
  A frilled lizard (D:1)
  5 rats
21 creatures vanquished.

Vanquished Creatures (others)
  A hobgoblin (D:2)
1 creature vanquished.

Grand Total: 22 creatures vanquished

Notes
Turn   | Place    | Note
-------+----------+-------------------------------------------
     0 | Abyss:1  | Apogee the Merfolk Abyssal Knight began the quest for the
                  | Orb.
     0 | Abyss:1  | Reached XP level 1. HP: 18/18 MP: 2/2
    86 | Abyss:1  | Noticed a great orb of eyes
    88 | Abyss:1  | Noticed an eye of draining
   115 | Abyss:1  | Killed an eye of draining
   115 | Abyss:1  | Reached skill level 5 in Fighting
   115 | Abyss:1  | Reached XP level 2. HP: 27/27 MP: 0/3
   115 | Abyss:1  | Reached XP level 3. HP: 33/33 MP: 0/4
   115 | Abyss:1  | Reached XP level 4. HP: 39/39 MP: 0/5
   157 | Abyss:1  | Noticed a neqoxec
   159 | D:1      | Escaped the Abyss
   903 | D:2      | Reached XP level 5. HP: 44/44 MP: 6/6
   979 | D:2      | HP: 2/44 [bullfrog (6)]
   980 | D:2      | Slain by a bullfrog

Illustrated notes

Levels and vault maps discovered:
D:1:      minmay_arrival_shattered_statue, layout_basic
D:2:      minmay_recursive_quarters, layout_loops_ring, serial_glass,
          glass_columns_b, glass_columns_c, elyvilon_altar_4, uniq_jessica

Skill      XL: |  1 |
---------------+----+-----
Fighting       | 5 |  5.4
Polearms       | 4 |  4.6
Armour         | |  0.6
Dodging        | |  2.6
Invocations    | |  2.0

Action                   |  1- 3 |  4- 6 || total
-------------------------+-------+-------++-------
Melee: Spear             |    22 |    74 ||    96
  Use: Potion            |       |     1 ||     1
 Stab: Sleeping          |       |     1 ||     1
Armor: Leather armour    |       |     8 ||     8
Dodge: Dodged            |       |    17 ||    17

Table legend:
 A = Non-vault XP
 B = Vault XP
 C = Vault XP percentage of total XP
 D = Non-vault monster count
 E = Vault monster count
 F = Vault count percentage of total count
                 A         B        C        D         E       F
            +---------+---------+-------+---------+---------+-------
      Total |     165 |       0 |   0.0 |      21 |       0 |   0.0
            +---------+---------+-------+---------+---------+-------
        D:1 |      31 |       0 |   0.0 |      17 |       0 |   0.0
        D:2 |       5 |       0 |   0.0 |       3 |       0 |   0.0
    Abyss:1 |     129 |       0 |   0.0 |       1 |       0 |   0.0
            +---------+---------+-------+---------+---------+-------
